 Dungeon Crawl Stone Soup version 0.31-a0-208-gdb31a4691d (webtiles) character file.

Game seed: 4735520652733224298

94271 McSplat the Brawler (level 15, -3/151 HPs)
             Began as a Troll Berserker on June 28, 2023.
             Was a High Priest of Trog.
             Slain by an enormous slime creature (63 damage)
             ... on level 15 of the Dungeon.
             The game lasted 02:22:18 (19709 turns).

McSplat the Brawler (Troll Berserker)              Turns: 19709, Time: 02:22:18

Health: -3/151     AC: 18    Str: 35    XL:     15   Next: 63%
Magic:  23/23      EV: 13    Int:  3    God:    Trog [*****.]
Gold:   254        SH: 17    Dex:  9    Spells: 14/14 levels left

rFire   + .          .
                       - Unarmed
rCold   . . .        o - +2 kite shield {rF+}
rNeg    . . .        S - +3 robe of Clouds {*Thunder rCloud rElec}
rPois   +            C - +2 hat
rElec   +            Q - +2 cloak {rPois}
rCorr   .            (gloves unavailable)
SInv    .            (boots unavailable)
Will    +....        e - amulet of reflection
Stlth   +            b - ring of the Octopus King {HP+2 MP+9 AC+2 EV+2 SH+2}
HPRegen 1.25/turn    F - +4 ring of protection
MPRegen 0.18/turn

%: reflection
@: about to teleport, studying Evocations
A: large, unfitting armour, claws 3, regeneration 1, shaggy fur 1, tough skin 1
a: Renounce Religion, Berserk, Trog's Hand, Brothers in Arms


You were on level 15 of the Dungeon.
You worshipped Trog.
Trog was extremely pleased with you.
You visited 3 branches of the dungeon, and saw 22 of its levels.
You visited the Abyss 1 time.
You also visited: Sewer and Ossuary.

You collected 2208 gold pieces.
You spent 1954 gold pieces at shops.

Inventory:

Missiles
 j - 6 silver javelins
 n - 85 poisoned darts
 x - 4 datura-tipped darts
 H - 7 curare-tipped darts
 L - 33 boomerangs
 Y - 10 large rocks (quivered)
Armour
 a - an orb of mayhem
 o - a +2 kite shield of fire resistance (worn)
 C - a +2 hat (worn)
 E - a +2 kite shield of positive energy
 G - a +2 robe of willpower
 K - a +0 robe of resistance
 N - a +0 troll leather armour
 Q - a +2 cloak of poison resistance (worn)
 R - a +1 cloak of preservation
 S - the +3 robe of Clouds (worn) {*Thunder rCloud rElec}
   (You acquired it on level 13 of the Dungeon)

   *Thunder:  It occasionally creates storm clouds above nearby enemies.
   rCloud:    It grants its wearer immunity to clouds.
   rElec:     It insulates you from electricity.
Jewellery
 b - a ring of the Octopus King (left claw) {HP+2 MP+9 AC+2 EV+2 SH+2}
   (You found it on level 5 of the Lair of Beasts)

   [ring of magical power]

   AC:        It affects your AC (+2).
   EV:        It affects your evasion (+2).
   HP:        It affects your health (+2).
   MP:        It affects your magic capacity (+9).
   SH:        It affects your SH (+2).
 d - a ring of protection from fire
 e - an amulet of reflection (around neck)
 h - a ring of poison resistance
 r - a ring of flight
 F - a +4 ring of protection (right claw)
 I - a ring of resist corrosion
Wands
 q - a wand of mindburst (29)
 s - a wand of light (14)
 t - a wand of paralysis (35)
 D - a wand of polymorph (17)
 M - a wand of flame (57)
Scrolls
 c - 7 scrolls of teleportation
 l - 2 scrolls of blinking
 u - 3 scrolls of revelation
 w - 4 scrolls of poison
 y - 2 scrolls of butterflies
 J - 4 scrolls of fear
 O - 2 scrolls of silence
 V - 3 scrolls of fog
 Z - 3 scrolls of enchant armour
Potions
 f - 3 potions of berserk rage
 g - 6 potions of curing
 i - 4 potions of heal wounds
 k - 6 potions of haste
 m - a potion of enlightenment
 p - 4 potions of mutation
 v - 3 potions of cancellation
 z - 2 potions of might
 B - 6 potions of lignification
 T - 3 potions of invisibility
 U - a potion of ambrosia
 X - 3 potions of resistance {unknown}
Miscellaneous
 P - a sack of spiders
 W - a lightning rod (inert)


   Skills:
 - Level 10.0 Fighting
 - Level 10.0 Throwing
 - Level 10.0 Dodging
 + Level 4.2 Shields
 + Level 18.6 Unarmed Combat
 - Level 10.0 Evocations


You had 14 spell levels left.
You didn't know any spells.
Your spell library was empty.

Dungeon Overview and Level Annotations

Branches:
Dungeon (15/15)            Temple (0/1) D:4            Lair (5/5) D:11
  Slime (0/5) Lair:5          Orc (2/2) D:10            Elf (0/3) Orc:2
 Vaults (0/5) D:13          Sewer (visited)         Ossuary (visited)
  Swamp: Lair:2-3    Shoals: Lair:2-3     Snake: Lair:2-3    Spider: Lair:2-3
 Depths: D:15

Altars:
Dithmenos
Fedhas
Kikubaaqudgha
Makhleb
Nemelex Xobeh
Qazlal
Ru
Trog
Uskayaw
Wu Jian
Yredelemnul
Jiyva

Shops:
D:1 :   D:7 [   D:11 [   D:13 **?   Orc:2 :==(:

Annotations:
D:3 2 transporters
D:7 1 runed translucent door, exclusion: door, Crazy Yiuf
Lair:1 exclusion: downstairs
Lair:2 2 transporters, innerfire43's ghost, journeyman DsMo
Lair:4 exclusion: oklob plant
Lair:5 exclusion: oklob plant
Orc:2 2 runed translucent doors, Leavold's ghost, journeyman TeDe


Innate Abilities, Weirdness & Mutations

You are too large for most types of armour.
You have claws for hands.
Your natural rate of healing is unusually fast.
You are covered in fur. (AC +1)
You have tough skin. (AC +1)


Message History

The red ugly thing is heavily wounded.
The red ugly thing tentacle-slaps you.
You are engulfed in flames.
You resist.
Unknown command.
Unknown command.
You claw the red ugly thing!
The red ugly thing is severely wounded.
The red ugly thing kicks you.
You are engulfed in flames!
You resist.
The cyclops throws a large rock.
The large rock hits you but does no damage.
Unknown command.
Unknown command.
You mangle the red ugly thing!!
The red ugly thing is almost dead.
Storm clouds gather above the enormous slime creature.
You block the red ugly thing's attack. The red ugly thing closely misses you.
Unknown command.
Unknown command.
You barely miss the red ugly thing.
The red ugly thing is almost dead.
You carefully extract the barbed spikes from your body.
The enormous slime creature is engulfed in a thunderstorm.
The red ugly thing tentacle-slaps you but does no damage.
The cyclops throws a large rock.
You block the large rock with an invisible shield... and reflect it back!
The large rock hits the cyclops!
You kill the cyclops!
Trog accepts your kill. The red ugly thing barely misses you.
Unknown command.
Unknown command.
You eviscerate the red ugly thing!!!
You kill the red ugly thing!
Trog accepts your kill.
Storm clouds gather above the manticore.
Unknown command.
Unknown command.
Unknown command.
The enormous slime creature attacks as you move away!
The enormous slime creature hits you!!!
You die...

. .....#.#............#
....##†...##......$....#
.(...#<#..<..#####u#####
.##.).......# #.#
#####.....#####.###
#...J.u....(.!.
#####§H##.....#
###uJ....... #...@...##.
####........ ##.......
.....## ....... .....#.
...^... ...##.#


You could see 2 ugly things, an enormous slime creature, a slime creature and a
manticore.

Vanquished Creatures
  Rupert (Lair:4)
  A tentacled starspawn (Abyss:3)
  Frances (D:12)
  3 hydras
  3 vault guards (D:13)
  A rakshasa (D:13)
  Fannar (D:12)
  A catoblepas (Lair:3)
  5 centaur warriors
  A boulder beetle (D:15)
  4 tengu warriors
  A merfolk avatar (Lair:5)
  Erica (D:8)
  6 death yaks
  3 two-headed ogres
  4 thrashing horrors (Abyss:3)
  Sonja (D:11)
  4 orc high priests
  Nergalle (Lair:1)
  2 skysharks
  A sea snake (Lair:5)
  3 necromancers (D:13)
  A harpy (Lair:5)
  2 wizards (D:13)
  Pikel (D:5)
  A wolf spider (D:14)
  5 cyclopes
  23 ugly things
  7 orc knights
  4 orc sorcerers (Orc:2)
  A salamander (shapeshifter) (D:14)
  5 manticores
  A worldbinder (Abyss:3)
  8 elephants
  A black mamba (shapeshifter) (D:15)
  4 black mambas
  8 cane toads
  A gargoyle (D:12)
  Maggie (D:7)
  2 kobold demonologists (D:10)
  An unseen horror (D:12)
  Psyche (D:12)
  9 komodo dragons
  A tengu conjurer (D:14)
  5 rime drakes
  A troll (shapeshifter) (D:14)
  A freezing wraith (D:14)
  3 trolls
  A hornet (Lair:5)
  Grinder (D:3)
  3 polar bears
  21 blink frogs
  Sigmund (D:3)
  4 wraiths
  3 wyverns (D:11)
  7 slime creatures
  14 humans (D:13)
  36 yaks
  3 basilisks
  16 vampire mosquitoes
  2 steam dragons
  Menkaure (D:4)
  4 wargs
  2 acid dragons
  16 water moccasins
  36 orc warriors
  3 ice beasts
  A hornet zombie (Ossuary)
  A black bear (D:7)
  8 ogres
  3 wolves (Lair:2)
  9 centaurs
  2 phantoms
  8 kobold brigands
  12 bullfrogs
  4 water moccasin zombies (Ossuary)
  2 wyvern zombies (Ossuary)
  10 wights
  17 killer bees
  3 howler monkeys
  5 bullfrog zombies (Ossuary)
  6 centaur zombies (Ossuary)
  6 hounds
  4 jellies
  3 gnoll boudas
  18 orc priests
  2 iguanas (D:6)
  Terence (D:3)
  25 orc wizards
  11 hell rats
  2 killer bee zombies (Ossuary)
  A howler monkey zombie (Ossuary)
  13 mummies (Ossuary)
  Robin (D:4)
  18 gnolls
  4 adders
  3 river rats (D:4)
  A shadow imp (D:5)
  2 worms
  3 dart slugs
  104 orcs
  8 bats
  2 bat zombies (D:10)
  5 endoplasms
  A giant cockroach (D:4)
  15 goblins
  10 hobgoblins
  9 jackals
  4 quokkas
  8 ball pythons
  5 frilled lizards
  26 kobolds
  7 rats
  A rat zombie (D:10)
  A spectral orc (D:13)
  A starspawn tentacle (Abyss:3)
737 creatures vanquished.

Vanquished Creatures (others)
  An orc priest (Orc:2)
  An orc wizard (Orc:2)
  An orc (Orc:2)
  A kobold (D:2)
  3 starspawn tentacles (Abyss:3)
7 creatures vanquished.

Grand Total: 744 creatures vanquished

Notes
Turn   | Place    | Note
-------+----------+-------------------------------------------
     0 | D:1      | McSplat the Troll Berserker began the quest for the Orb.
     0 | D:1      | Reached XP level 1. HP: 22/22 MP: 0/0
    73 | D:1      | Reached XP level 2. HP: 29/29 MP: 1/1
    76 | D:1      | Found Lylerroa's Vocational Training.
   414 | D:1      | Reached ** piety under Trog
   455 | D:1      | Reached XP level 3. HP: 36/36 MP: 2/2
  1645 | D:3      | Found a transporter.
  1672 | D:3      | Noticed Sigmund
  1842 | D:3      | Noticed Terence
  1848 | D:3      | Killed Terence
  1849 | D:3      | Reached skill level 4 in Unarmed Combat
  1849 | D:3      | Reached XP level 4. HP: 44/44 MP: 3/3
  1918 | D:3      | Killed Sigmund
  1919 | D:3      | Reached skill level 5 in Unarmed Combat
  1919 | D:3      | Reached XP level 5. HP: 53/53 MP: 4/4
  2148 | D:3      | Noticed Grinder
  2166 | D:3      | Killed Grinder
  2167 | D:3      | Reached skill level 1 in Throwing
  2167 | D:3      | Reached XP level 6. HP: 62/62 MP: 5/5
  2270 | D:3      | Found a transporter.
  2557 | D:4      | Found a glowing drain.
  2566 | D:4      | Reached skill level 1 in Evocations
  2589 | Sewer    | Entered a sewer
  2626 | Sewer    | Noticed a water moccasin
  2637 | Sewer    | Killed a water moccasin
  2638 | Sewer    | Reached skill level 6 in Unarmed Combat
  2638 | Sewer    | Reached XP level 7. HP: 68/68 MP: 6/6
  2789 | D:4      | Found a staircase to the Ecumenical Temple.
  2856 | D:4      | Found a sand-covered staircase.
  2864 | Ossuary  | Entered an ossuary
  2955 | Ossuary  | Reached skill level 7 in Unarmed Combat
  2955 | Ossuary  | Reached XP level 8. HP: 60/79 MP: 7/7
  2972 | Ossuary  | Reached *** piety under Trog
  3208 | Ossuary  | Reached skill level 8 in Unarmed Combat
  3217 | Ossuary  | Reached skill level 5 in Dodging
  3237 | Ossuary  | Reached skill level 5 in Fighting
  3383 | D:4      | Noticed Menkaure
  3390 | D:4      | Killed Menkaure
  3487 | D:4      | Reached XP level 9. HP: 88/88 MP: 8/8
  3525 | D:4      | Noticed Robin
  3538 | D:4      | Killed Robin
  3931 | D:4      | Found a hide-covered altar of Uskayaw.
  4051 | D:5      | Entered Level 5 of the Dungeon
  4234 | D:5      | Reached skill level 9 in Unarmed Combat
  4239 | D:5      | Reached **** piety under Trog
  4274 | D:5      | Noticed Pikel
  4283 | D:5      | Killed Pikel
  4370 | D:5      | Found a shadowy altar of Dithmenos.
  4372 | D:5      | Found a bloodstained altar of Trog.
  4782 | D:5      | Found an ornate altar of the Wu Jian Council.
  5032 | D:6      | Reached skill level 10 in Unarmed Combat
  5540 | D:7      | Reached XP level 10. HP: 100/100 MP: 9/9
  5607 | D:7      | Noticed Maggie
  5619 | D:7      | Killed Maggie
  5854 | D:7      | Reached skill level 11 in Unarmed Combat
  5864 | D:7      | Found Raistr Wope's Antique Armour Boutique.
  5867 | D:7      | Bought a runed cloak for 187 gold pieces
  5872 | D:7      | Bought a runed cloak for 187 gold pieces
  5887 | D:7      | Found a runed translucent door.
  5888 | D:7      | Noticed Crazy Yiuf
  6062 | D:7      | Found a stormy altar of Qazlal.
  6243 | D:8      | Noticed Erica
  6280 | D:8      | Killed Erica
  6489 | D:8      | Identified the +0 pair of gloves of Youthful Indiscretion
                  | {Dex+2}
  7007 | D:9      | Reached skill level 12 in Unarmed Combat
  7034 | D:9      | Reached ***** piety under Trog
  7538 | D:10     | Entered Level 10 of the Dungeon
  7704 | D:10     | Reached XP level 11. HP: 109/109 MP: 10/10
  7856 | D:10     | Identified the +11 demon blade of the Shining Light {flame,
                  | rPois} (Trog gifted it to you on level 10 of the Dungeon)
  7856 | D:10     | Received a gift from Trog
  7879 | D:10     | Noticed a sun demon
  7986 | D:10     | Found a staircase to the Orcish Mines.
  7986 | D:10     | Found a blossoming altar of Fedhas.
  8070 | D:10     | Noticed a centaur warrior
  8072 | D:10     | Noticed a centaur warrior
  8078 | D:10     | Killed a centaur warrior
  8079 | D:10     | Reached skill level 13 in Unarmed Combat
  8080 | D:10     | Killed a centaur warrior
  8173 | D:10     | Found a burning altar of Makhleb.
  8334 | D:10     | Found a sparkling altar of Nemelex Xobeh.
  8412 | D:10     | Found an ancient bone altar of Kikubaaqudgha.
  8526 | Orc:1    | Entered Level 1 of the Orcish Mines
  8529 | Orc:1    | Noticed an orc knight
  8540 | Orc:1    | Killed an orc knight
  8765 | Orc:1    | Noticed an orc high priest
  8806 | Orc:1    | Killed an orc high priest
  9022 | Orc:2    | Entered Level 2 of the Orcish Mines
  9022 | Orc:2    | Found a staircase to the Elven Halls.
  9102 | Orc:2    | Received a gift from Trog
  9173 | Orc:2    | Found a large runed translucent door.
  9176 | Orc:2    | Found a large runed translucent door.
  9179 | Orc:2    | Noticed Leavold's ghost (journeyman TeDe)
  9179 | Orc:2    | Noticed an orc knight
  9183 | Orc:2    | Noticed an orc sorcerer
  9202 | Orc:2    | Killed an orc sorcerer
  9206 | Orc:2    | Killed an orc knight
  9207 | Orc:2    | Reached skill level 14 in Unarmed Combat
  9255 | Orc:2    | Noticed an orc knight
  9262 | Orc:2    | Killed an orc knight
  9263 | Orc:2    | Reached XP level 12. HP: 122/122 MP: 11/11
  9374 | Orc:2    | Found Homuph's Book Emporium.
  9814 | Orc:2    | Noticed an orc high priest
  9816 | Orc:2    | Noticed an orc high priest
  9820 | Orc:2    | Killed an orc high priest
  9821 | Orc:2    | Noticed an orc high priest
  9834 | Orc:2    | Killed an orc high priest
  9838 | Orc:2    | Killed an orc high priest
  9842 | Orc:2    | Reached skill level 15 in Unarmed Combat
  9944 | Orc:2    | Found Desyos's Jewellery Emporium.
  9944 | Orc:2    | Found Mahatofi's Book Shop.
  9946 | Orc:2    | Found Fuoboll's Jewellery Emporium.
  9946 | Orc:2    | Found Isinajum's Antique Weapon Shop.
 10230 | D:1      | Bought a manual of Evocations for 880 gold pieces
 10612 | D:11     | Noticed Sonja
 10614 | D:11     | Killed Sonja
 10683 | D:11     | Found Gibuxtask's Armour Shop.
 10847 | D:11     | Found a staircase to the Lair.
 11414 | Lair:1   | Entered Level 1 of the Lair of Beasts
 11417 | Lair:1   | Received a gift from Trog
 11465 | Lair:1   | Reached XP level 13. HP: 133/133 MP: 12/12
 11536 | Lair:1   | Reached skill level 10 in Fighting
 11670 | Lair:1   | Noticed Nergalle
 11678 | Lair:1   | Killed Nergalle
 11711 | Lair:1   | Reached skill level 5 in Evocations
 12621 | Lair:3   | Reached skill level 16 in Unarmed Combat
 13545 | Lair:4   | You fall into a shaft and drop 1 floor!
 13545 | Lair:5   | Entered Level 5 of the Lair of Beasts
 13661 | Lair:4   | Noticed Rupert
 13931 | Lair:4   | Reached skill level 5 in Throwing
 14031 | Lair:4   | Killed Rupert
 14032 | Lair:4   | Reached XP level 14. HP: 40/124 MP: 13/13
 14955 | Lair:5   | Found the ring of the Octopus King
 14976 | Lair:5   | Identified the amulet "Hoxassul" {RegenMP Regen+ MP+9}
 14982 | Lair:5   | Identified a ring of the Octopus King {HP+2 MP+9 AC+2 EV+2
                  | SH+2}
 15132 | Lair:5   | Found a staircase to the Slime Pits.
 15132 | Lair:5   | Found a viscous altar of Jiyva.
 15262 | Lair:5   | Reached skill level 17 in Unarmed Combat
 15853 | Lair:2   | Noticed innerfire43's ghost (journeyman DsMo)
 15869 | Lair:2   | Found a transporter.
 15889 | Lair:2   | Found a transporter.
 16267 | D:12     | Noticed Fannar
 16283 | D:12     | Killed Fannar
 16340 | D:12     | Noticed Frances
 16441 | D:12     | Reached skill level 10 in Evocations
 16462 | D:12     | Killed Frances
 16671 | D:12     | Found a sacrificial altar of Ru.
 16821 | D:12     | Noticed Psyche
 17105 | D:12     | Killed Psyche
 17325 | D:13     | Found Suempargh's Magic Scroll Emporium.
 17468 | D:13     | Found a gate to the Vaults.
 17470 | Abyss:3  | Found a corrupted altar of Lugonu.
 17470 | Abyss:3  | Cast into level 3 of the Abyss (a wizard)
 17487 | Abyss:3  | Found a corrupted altar of Lugonu.
 17515 | Abyss:3  | Noticed a tentacled starspawn
 17520 | Abyss:3  | Killed a tentacled starspawn
 17584 | Abyss:3  | Found a corrupted altar of Lugonu.
 17585 | Abyss:3  | Found a corrupted altar of Lugonu.
 17585 | Abyss:3  | Noticed a bone dragon
 17585 | Abyss:3  | Found a corrupted altar of Lugonu.
 17633 | Abyss:3  | Noticed a black draconian knight
 17634 | Abyss:3  | Noticed a tentacled starspawn
 17677 | D:13     | Escaped the Abyss
 17709 | D:13     | Reached XP level 15. HP: 149/149 MP: 14/14
 17711 | D:13     | Reached skill level 10 in Dodging
 17842 | D:13     | Found Xeamos's General Store.
 17844 | D:13     | Found Ajest's Specific Store.
 17851 | D:13     | Bought a scroll of identify for 30 gold pieces
 17859 | D:13     | Bought a potion of haste for 150 gold pieces
 17886 | D:13     | Reached skill level 18 in Unarmed Combat
 18239 | D:13     | Reached skill level 1 in Shields
 18294 | D:13     | Found a basalt altar of Yredelemnul.
 18565 | D:13     | Bought a scroll of acquirement for 520 gold pieces
 18565 | D:13     | Acquired the +3 robe of Clouds {*Thunder rCloud rElec}
 18565 | D:13     | Found the +3 robe of Clouds {*Thunder rCloud rElec}
 18616 | D:14     | Found a burning altar of Makhleb.
 19463 | D:15     | Entered Level 15 of the Dungeon
 19468 | D:15     | Received a gift from Trog
 19694 | D:15     | Reached skill level 10 in Throwing
 19709 | D:15     | Slain by an enormous slime creature

Illustrated notes

Levels and vault maps discovered:
D:1:      kennysheep_arrival_forest, layout_basic, nicolae_shop_vocational
D:2:      layout_basic
D:3:      gammafunk_steamed_eel, layout_basic, minmay_diced_spiral,
          uniq_grinder, uniq_sigmund, uniq_terence
D:4:      layout_basic, nicolae_uskayaw_suspiria, temple_doors_e,
          nicolae_ossuary_entry_ruins, portal_sewer_entry_b, uniq_menkaure,
          uniq_robin
D:5:      layout_loops_ring, nicolae_wu_jian_glorious_leap,
          chequers_temple_overflow_statue_of_worship, uniq_pikel
D:6:      layout_rooms
D:7:      layout_rooms, marbit_many_paths, serial_shops, kennysheep_mini,
          uniq_maggie, uniq_crazy_yiuf_cottage
D:8:      layout_gridville, hangedman_decor_slide_cut, corexii_leaking_fountain,
          uniq_erica
D:9:      layout_loops_ring, special_room [special_room_orc], serial_aquarium,
          aquarium_bridge_straight [aquarium_subvault_bridge,
          aquarium_subvault_window, aquarium_subvault_bridge,
          aquarium_subvault_wall], aquarium_window_fake, aquarium_window_fake,
          aquarium_window_1, aquarium_window_fake, aquarium_view_2b,
          aquarium_balcony_5b
D:10:     layout_cave_pools, nicolae_overflow_squiral,
          lemuel_zombie_altar_kikubaaqudgha, fedhas_altar_3, david_orc_5,
          minmay_radiant
D:11:     layout_roguey, erik_lair_dragon, serial_shops, shop, uniq_sonja
D:12:     layout_long_grid, nicolae_ru_path_of_blood, uniq_frances, uniq_fannar,
          uniq_psyche
D:13:     layout_roguey, grunt_vaults_entry_tiered, serial_shops, shop,
          nicolae_specific_store, yredelemnul_forgotten_temple_becter
D:14:     layout_irregular_city, bloody_makhleb
D:15:     hangedman_depths_entry_try_elsewhere_first, layout_rooms
Lair:1:   layout_regular_city, grunt_megastairs_5, uniq_nergalle
Lair:2:   layout_chaotic_city, elwin_shoals_entry_stream,
          minmay_snake_entry_six_corridors, gammafunk_ghost_berserking_beasts
Lair:3:   layout_loops_ring, chequers_serial_rivers_micro_a, grunt_megastairs_3
Lair:4:   layout_regular_city, grunt_megastairs_4, uniq_rupert
Lair:5:   gammafunk_lair_ancient_temple, layout_misc_corridors, slime_entry_1,
          minivault_23
Orc:1:    layout_caves, mines1_david
Orc:2:    grunt_orc_tribal_feast, layout_diamond_mine,
          ebering_ghost_disaster_area, serial_shops, shop

Skill      XL: |  1  2  3  4  5  6  7  8  9 10 11 12 13 14 15 |
---------------+----------------------------------------------+-----
Unarmed Combat | 4 5 6 7 8 10 12 14 15 16 17 18 | 18.6
Fighting       | 3 4 5 6 7 8 9 10 | 10.0
Dodging        | 3 4 5 6 7 8 9 10 | 10.0
Throwing       | 1 5 8 10 | 10.0
Evocations     | 1 4 8 10 | 10.0
Shields        | 4 |  4.2

Action                     |  1- 3 |  4- 6 |  7- 9 | 10-12 | 13-15 || total
---------------------------+-------+-------+-------+-------+-------++-------
  Melee: Unarmed           |    89 |    80 |   328 |   669 |   804 ||  1970
         Punch             |     1 |     4 |    22 |    34 |    59 ||   120
  Throw: Dart              |       |       |       |    14 |    12 ||    26
         Boomerang         |       |       |       |    10 |    18 ||    28
         Large rock        |       |       |       |       |    13 ||    13
 Invoke: Berserk           |     2 |     4 |     9 |    22 |    12 ||    49
         Trog's Hand       |       |       |     1 |     3 |     6 ||    10
         Brothers in Arms  |       |       |       |       |     1 ||     1
  Evoke: Wand              |       |       |       |    10 |    10 ||    20
         Lightning rod     |       |       |       |     7 |     4 ||    11
    Use: Scroll            |     1 |     4 |     8 |     8 |    15 ||    36
         Potion            |       |       |     1 |       |       ||     1
   Stab: Sleeping          |       |       |       |     2 |     1 ||     3
         Petrified         |       |       |       |       |     1 ||     1
 Armour: Animal skin       |    36 |    21 |    48 |       |       ||   105
         Robe              |       |       |    13 |   193 |   242 ||   448
  Dodge: Dodged            |    46 |    37 |   130 |   354 |   347 ||   914
  Block: Other             |     9 |    11 |    55 |   142 |   132 ||   349
         Reflection        |     2 |       |     1 |     7 |     9 ||    19
         Kite shield       |       |       |       |       |   110 ||   110

Table legend: (Time is in decaauts)
 A = Elapsed time spent in this place.
 B = Non-inter-level travel time spent in this place.
 C = Inter-level travel time spent in this place.
 D = Time resting spent in this place.
 E = Time spent auto-exploring this place.
 F = Levels seen in this place.
 G = Mean time per level.
                   A        B        C        D        E       F      G
               +--------+--------+--------+--------+--------+-----+--------+
         Total |  19662 |  17964 |   1698 |   2032 |  11274 |  25 |  786.5 |
       Dungeon |  12707 |  11282 |   1425 |   1168 |   7469 |  15 |  847.1 |
          Lair |   4584 |   4385 |    199 |    392 |   2970 |   5 |  916.8 |
  Orcish Mines |   1516 |   1443 |     73 |    238 |    701 |   2 |  758.0 |
         Abyss |    210 |    210 |      0 |      0 |      0 |   1 |  210.0 |
         Sewer |    140 |    140 |      0 |     57 |     24 |   1 |  140.0 |
       Ossuary |    502 |    502 |      0 |    176 |    109 |   1 |  502.0 |
               +--------+--------+--------+--------+--------+-----+--------+

Top non-repeatable levels by time:
    D:11: 1285 daAuts
    D:14: 1251 daAuts
  Lair:4: 1210 daAuts
  Lair:1: 1033 daAuts
     D:9: 1030 daAuts
     D:4: 1005 daAuts
     D:5: 998 daAuts
     D:2: 986 daAuts
  Lair:3: 977 daAuts
  Lair:5: 977 daAuts
    D:10: 967 daAuts
   Orc:2: 932 daAuts
     D:3: 921 daAuts
    D:12: 901 daAuts
    D:13: 876 daAuts
